 Dungeon Crawl Stone Soup version 0.26-a0-606-g3c8f2f65f7 (webtiles) character file.

Game seed: 7280366822539580432

70 ANON1729 the Conjurer (level 4, -1/34 HPs)
             Began as a Gnoll Wanderer on Sept 1, 2020.
             Slain by a hound (2 damage)
             ... on level 2 of the Dungeon.
             The game lasted 00:02:51 (1868 turns).

ANON1729 the Conjurer (Gnoll Wanderer)              Turns: 1868, Time: 00:02:51

Health: -1/34      AC:  2    Str: 16    XL:     4   Next: 22%
Magic:  8/8        EV: 12    Int: 15    God:
Gold:   70         SH:  0    Dex: 13    Spells: 8/8 levels left

rFire    + . .     SeeInvis .   a - +0 quarterstaff
rCold    x . .     Faith    .   (shield currently unavailable)
rNeg     . . .     Spirit   .   d - +0 robe
rPois    .         Reflect  .   (no helmet)
rElec    .         Harm     .   (no cloak)
rCorr    .         Rnd*Tele +   (no gloves)
MR       .....                  (no boots)
Stlth    ++........             (no amulet)
HPRegen  0.11/turn              g - ring of teleportation (curse)
MPRegen  0.11/turn              h - ring of fire

@: no status effects
A: distributed training, fangs 1, strong nose
a: no special abilities


You were on level 2 of the Dungeon.
You visited 1 branch of the dungeon, and saw 3 of its levels.

You collected 70 gold pieces.

Inventory:

Hand Weapons
 a - a +0 quarterstaff (weapon)
Armour
 d - a +0 robe (worn)
Jewellery
 g - a cursed ring of teleportation (left hand)
 h - a ring of fire (right hand)
Wands
 f - a wand of iceblast (10)
Scrolls
 b - a scroll of teleportation {unknown}
 c - 7 scrolls of identify {unknown}
 j - a scroll of fog {unknown}
 l - a scroll of magic mapping {unknown}
Potions
 e - 2 potions of cancellation {unknown}
 i - 2 potions of curing {unknown}
 k - a potion of magic {unknown}


   Skills:
 + Level 2.7 Fighting
 + Level 1.0 Short Blades
 + Level 1.0 Long Blades
 + Level 1.0 Axes
 + Level 1.0 Maces & Flails
 + Level 1.0 Polearms
 + Level 2.7 Staves
 + Level 1.0 Slings
 + Level 1.0 Bows
 + Level 1.0 Crossbows
 + Level 1.0 Throwing
 + Level 1.0 Armour
 + Level 1.0 Dodging
 + Level 2.5 Stealth
 + Level 4.6 Shields
 + Level 1.0 Unarmed Combat
 + Level 2.9 Spellcasting
 + Level 5.4 Conjurations
 + Level 0.8 Hexes
 + Level 0.8 Summonings
 + Level 0.8 Necromancy
 + Level 0.8 Translocations
 + Level 0.8 Transmutations
 + Level 0.8 Fire Magic
 + Level 2.2 Ice Magic
 + Level 0.8 Air Magic
 + Level 0.8 Earth Magic
 + Level 0.8 Poison Magic
 + Level 1.1 Invocations
 + Level 1.0 Evocations


You had 8 spell levels left.
You didn't know any spells.
Your spell library contained the following spells:

 Spells                   Type           Power        Failure   Level
 Magic Dart               Conj           ###.         2%          1
 Sandblast                Erth           #.....       14%         1
 Conjure Flame            Conj/Fire      ###.....     17%         3
 Stone Arrow              Conj/Erth      ##....       17%         3
 Blink                    Tloc           N/A          22%         2
 Call Imp                 Summ           #.......     22%         2
 Slow                     Hex            #.......     22%         2
 Mephitic Cloud           Conj/Pois/Air  #.......     22%         3


Dungeon Overview and Level Annotations

Branches:
Dungeon (3/15)

Altars:
Nemelex Xobeh


Innate Abilities, Weirdness & Mutations

Your experience applies equally to all skills.
You have very sharp teeth.
Your uncanny sense of smell can sniff out nearby items.


Message History

You miss the hound.
The hound is severely wounded.
The hound completely misses you. The orc hits you but does no damage.
The hound bites you.
* * * LOW HITPOINT WARNING * * *
You hit the hound but do no damage. You bite the hound, but do no damage.
The hound is severely wounded.
The hound bites you.
* * * LOW HITPOINT WARNING * * *
The orc misses you. The hound closely misses you.
You completely miss the hound.
The hound is severely wounded.
The hound closely misses you. The orc hits you but does no damage.
The hound bites you but does no damage.
You barely miss the hound.
The hound is severely wounded.
The hound bites you.
* * * LOW HITPOINT WARNING * * *
The orc closely misses you. The hound bites you.
You die...

#.......######.######.#.≈≈PP..##
#^.<............................
#............####...#...........
#.....[.......[...........##....
#..........>.....######..<..####
#................#######..#..##
########......#......###..[...##
#.##.....o.##........#..#
#.####..@#.########...... ###
##.h................
##.......####.####.
#.........##.##...
#####.......#.##.##.##
#.........###.##....#
############.>...........##..####
...†......##.........##......####
..........##..........###.......#


You could see a hound and an orc.

Vanquished Creatures
  2 adders (D:2)
  3 worms (D:2)
  3 dart slugs (D:1)
  A leopard gecko (D:2)
  3 giant cockroaches (D:2)
  3 goblins (D:1)
  4 hobgoblins
  3 jackals (D:2)
  A kobold (D:1)
  A ball python (D:2)
  5 bats
  A frilled lizard (D:2)
  8 rats
38 creatures vanquished.

Vanquished Creatures (others)
  10 plants (D:2)
10 creatures vanquished.

Grand Total: 48 creatures vanquished

Notes
Turn   | Place    | Note
-------+----------+-------------------------------------------
     0 | D:1      | ANON1729 the Gnoll Wanderer began the quest for the Orb.
     0 | D:1      | ANON1729 set off with the following items: a +0
                  | quarterstaff, a +0 robe; and the following spells available
                  | to memorise: Magic Dart, Sandblast, Conjure Flame, Stone
                  | Arrow, Mephitic Cloud, Blink, Call Imp, Slow
     0 | D:1      | Reached XP level 1. HP: 17/17 MP: 4/4
    95 | D:1      | Reached XP level 2. HP: 14/23 MP: 5/5
   408 | D:1      | Found a sparkling altar of Nemelex Xobeh.
   560 | D:2      | Reached XP level 3. HP: 15/28 MP: 7/7
   738 | D:2      | Reached skill level 1 in Invocations
  1349 | D:2      | Reached skill level 1 in Short Blades
  1349 | D:2      | Reached skill level 1 in Long Blades
  1349 | D:2      | Reached skill level 1 in Axes
  1349 | D:2      | Reached skill level 1 in Maces & Flails
  1349 | D:2      | Reached skill level 1 in Polearms
  1349 | D:2      | Reached skill level 1 in Slings
  1349 | D:2      | Reached skill level 1 in Bows
  1349 | D:2      | Reached skill level 1 in Crossbows
  1349 | D:2      | Reached skill level 1 in Throwing
  1349 | D:2      | Reached skill level 1 in Armour
  1349 | D:2      | Reached skill level 1 in Dodging
  1349 | D:2      | Reached skill level 1 in Unarmed Combat
  1349 | D:2      | Reached skill level 1 in Evocations
  1353 | D:2      | Reached XP level 4. HP: 34/34 MP: 8/8
  1868 | D:2      | HP: 1/34 [hound (5)]
  1868 | D:2      | Slain by a hound

Illustrated notes

Levels and vault maps discovered:
D:1:      ncdulo_halloftheorcs, layout_rooms, nemelex_diamond_rough_becter
D:2:      layout_rooms, serial_bayou, serial_bayou_pond_e, serial_bayou_pond_c,
          serial_bayou_shore_a, serial_bayou_lagoon_a,
          chequers_serial_rivers_micro_b
D:3:      layout_basic

Skill      XL: |  1  2  3 |
---------------+----------+-----
Ice Magic      | 2 |  2.2
Invocations    | 1 |  1.1
Short Blades   | 1 |  1.0
Long Blades    | 1 |  1.0
Axes           | 1 |  1.0
Maces & Flails | 1 |  1.0
Polearms       | 1 |  1.0
Slings         | 1 |  1.0
Bows           | 1 |  1.0
Crossbows      | 1 |  1.0
Throwing       | 1 |  1.0
Armour         | 1 |  1.0
Dodging        | 1 |  1.0
Unarmed Combat | 1 |  1.0
Evocations     | 1 |  1.0
Fighting       | |  2.7
Staves         | |  2.7
Stealth        | |  2.5
Shields        | |  4.6
Spellcasting   | |  2.9
Conjurations   | |  5.4
Hexes          | |  0.8
Summonings     | |  0.8
Necromancy     | |  0.8
Translocations | |  0.8
Transmutations | |  0.8
Fire Magic     | |  0.8
Air Magic      | |  0.8
Earth Magic    | |  0.8
Poison Magic   | |  0.8

Action                   |  1- 3 |  4- 6 || total
-------------------------+-------+-------++-------
Melee: Quarterstaff      |    84 |    36 ||   120
       Bite              |     5 |     2 ||     7
 Stab: Sleeping          |     3 |     3 ||     6
Armor: Robe              |    20 |    11 ||    31
Dodge: Dodged            |    40 |    33 ||    73

Table legend: (Time is in decaauts)
 A = Elapsed time spent in this place.
 B = Non-inter-level travel time spent in this place.
 C = Inter-level travel time spent in this place.
 D = Time resting spent in this place.
 E = Time spent auto-exploring this place.
 F = Levels seen in this place.
 G = Mean time per level.
                   A        B        C        D        E       F      G
               +--------+--------+--------+--------+--------+-----+--------+
         Total |   1911 |   1876 |     35 |    900 |    690 |   3 |  637.0 |
       Dungeon |   1911 |   1876 |     35 |    900 |    690 |   3 |  637.0 |
               +--------+--------+--------+--------+--------+-----+--------+

Top non-repeatable levels by time:
     D:2: 1367 daAuts
     D:1: 538 daAuts
     D:3: 5 daAuts
